 Dungeon Crawl Stone Soup version 0.22-a0-897-g1b7a381375 (webtiles) character file.

74 Mirvelgyr the Covered (level 4, -8/42 HPs)
             Began as a Deep Dwarf Fighter on July 31, 2018.
             Mangled by a kobold
             ... wielding a +0 whip of electrocution
              (17 damage)
             ... on level 2 of the Dungeon.
             The game lasted 00:03:20 (1147 turns).

Mirvelgyr the Covered (Deep Dwarf Fighter)          Turns: 1147, Time: 00:03:21

Health: -8/42      AC: 14    Str: 20    XL:     4   Next: 10%
Magic:  4/4        EV:  3    Int:  9    God:
Gold:   66         SH:  9    Dex: 12    Spells: 3/3 levels left

rFire    . . .     SeeInvis .   a - +0 war axe
rCold    . . .     Gourm    .   c - +0 shield
rNeg     . . .     Faith    .   e - +0 plate armour
rPois    .         Spirit   .   h - +2 helmet
rElec    .         Reflect  .   (no cloak)
rCorr    .         Harm     .   (no gloves)
MR       .....                  (no boots)
Stlth    ..........             (no amulet)
HPRegen  0.00/turn              (no ring)
MPRegen  0.09/turn              (no ring)

@: non-regenerating
A: damage resistance, heal wounds, sense surroundings 1, no regeneration
a: Heal Wounds


You were on level 2 of the Dungeon.
You were not hungry.

You visited 1 branch of the dungeon, and saw 2 of its levels.

You collected 66 gold pieces.

Inventory:

Hand Weapons
 a - a +0 war axe (weapon)
Armour
 c - a +0 shield (worn)
 e - a +0 plate armour (worn)
 h - a +2 helmet (worn)
Scrolls
 b - a scroll of remove curse {unknown}
 j - 2 scrolls of identify {unknown}
 k - a scroll of enchant armour {unknown}
 m - a scroll of blinking {unknown}
 o - a scroll of random uselessness {unknown}
Potions
 d - a potion of might
 i - a potion of invisibility {unknown}
 l - 2 potions of haste {unknown}
 n - 2 potions of cancellation {unknown}
Comestibles
 f - 3 rations
 g - 6 chunks of flesh


   Skills:
 + Level 3.1 Fighting
 * Level 3.5 Axes
 + Level 3.8 Armour
 + Level 3.8 Shields


You had 3 spell levels left.
You didn't know any spells.
Your spell library was empty.

Dungeon Overview and Level Annotations

Branches:
Dungeon (2/15)

Altars:
Nemelex Xobeh
Qazlal
The Shining One


Innate Abilities, Weirdness & Mutations

You are resistant to damage.
You can heal yourself by infusing magical energy.
You passively map a small area around you.
You do not regenerate.


Message History

You slash the worm!
You kill the worm!
You see here a worm corpse.
You butcher the worm corpse.
Some of the chunks of flesh in your inventory have rotted away.
g - 6 chunks of flesh (gained 3)
Found 7 curare-tipped needles.
Found 23 arrows.
Found a stone staircase leading up.
Found a stone staircase leading down.
A kobold comes into view. It is wielding a whip of electrocution.
A kobold is nearby!
A kobold is nearby!
A kobold is nearby!
You are too injured to fight recklessly!
A frilled lizard comes into view.
The frilled lizard hisses angrily.
Found a stone staircase leading down.
The kobold hits you but does no damage.
You are electrocuted!
You die...

, ........# $.......##
##### ,.........., ,,*
..... *.........# ......
.>....<..# **,.......
,.........# #..##..#
.....l...########.###...
....>.K@..............##
.........##..##.......##
..........(............#
#..........###.........#
####...(...###..........
#.........#........))
##......#...........#
#..................##
#...................#


You could see a kobold and a frilled lizard.

Vanquished Creatures
  A worker ant (D:2)
  An adder (D:2)
  A worm (D:2)
  3 dart slugs
  4 leopard geckos
  5 bats
  2 giant cockroaches
  2 hobgoblins
  4 kobolds
  A frilled lizard (D:1)
  2 goblins (D:2)
  6 rats
32 creatures vanquished.

Notes
Turn   | Place    | Note
-------+----------+-------------------------------------------
     0 | D:1      | Mirvelgyr the Deep Dwarf Fighter began the quest for the Orb.
     0 | D:1      | Reached XP level 1. HP: 20/20 MP: 1/1
   230 | D:1      | Reached XP level 2. HP: 13/27 MP: 2/2
   847 | D:2      | Found a stormy altar of Qazlal.
   855 | D:2      | Reached XP level 3. HP: 9/34 MP: 3/3
   987 | D:2      | Found a sparkling altar of Nemelex Xobeh.
   989 | D:2      | Found a glowing golden altar of the Shining One.
  1036 | D:2      | Reached XP level 4. HP: 10/42 MP: 4/4
  1147 | D:2      | Mangled by a kobold

Vault maps used:
D:1:      minmay_arrival_split_and_join
D:2:      lemuel_crystal_altar, minitemple, first_ration

Skill      XL: |  1  2 |
---------------+-------+-----
Fighting       | 3 |  3.1
Axes           | 3 |  3.5
Armour         | |  3.8
Shields        | |  3.8

Action                   |  1- 3 |  4- 6 || total
-------------------------+-------+-------++-------
Melee: War axe           |   157 |     9 ||   166
  Eat: Chunk             |     1 |       ||     1
Armor: Plate armour      |    97 |     8 ||   105
       Scale mail        |    13 |       ||    13
Dodge: Dodged            |    31 |       ||    31
Block: Shield            |   100 |     5 ||   105

Table legend:
 A = Spawn XP
 B = Non-spawn XP
 C = Spawn XP percentage of total XP
 D = Spawn monster count
 E = Non-spawn monster count
 F = Spawn count percentage of total count
 G = Total turns spent on level
                    A         B        C        D         E        F      G
               +---------+---------+-------+---------+---------+-------+---------
         Total |       0 |     107 |   0.0 |       0 |      32 |   0.0 |  1147
               +---------+---------+-------+---------+---------+-------+---------
           D:1 |       0 |      32 |   0.0 |       0 |      17 |   0.0 |   846
           D:2 |       0 |      75 |   0.0 |       0 |      15 |   0.0 |   301
               +---------+---------+-------+---------+---------+-------+---------
